Map: Defender's Landing LE

Players

Kelazhur - Winner!

  • Race: Terran Terran
  • Spawn Location: 1:00

iaguz

  • Race: Terran Terran
  • Spawn Location: 7:00

Event: WCS Valencia 2017

VOD

Have the link to the VOD?

Description

Time

  • Played on: July 13, 2017, 1:50 p.m.
  • Length: 12:20

All games in this series

Show
View Real Time Build Order
Export as new Build Order

Kelazhur Terran - Winner!

Build Orders: 1/1/1, Cyclone Opening, MMM Bio 

Get SALT Encoding   

  12  0:00  SCV  
  13  0:12  SCV  
  14  0:17  Supply Depot  
  14  0:25  SCV  
  15  0:29  Refinery  
  15  0:38  SCV  
  16  0:44  Barracks  
  16  0:50  SCV  
  16  0:55  Refinery  
  17  1:02  SCV  
  18  1:15  SCV  
  19  1:31  Orbital Command  
  19  1:36  Factory, Reaper  
  20  1:49  Supply Depot  
  20  1:56  SCV  
  21  2:08  SCV, Reaper  
  23  2:19  Cyclone  
  23  2:21  Starport  
  26  2:25  SCV  
  27  2:31  Supply Depot  
  27  2:37  SCV  
  27  2:41  Barracks Tech Lab  
  28  2:49  SCV  
  29  2:53  Cyclone  
  32  3:06  SCV  
  32  3:11  Barracks Reactor  
  32  3:12  Banshee  
  35  3:32  Command Center  
  35  3:40  SCV  
  36  3:41  Supply Depot  
  36  3:47  Cyclone  
  39  4:02  Marine x2  
  39  4:06  Banshee  
  43  4:18  Supply Depot  
  43  4:19  SCV  
  43  4:20  Marine x2  
  46  4:36  SCV  
  47  4:40  Marine x2  
  47  4:43  Orbital Command  
  47  4:45  Factory Tech Lab  
  46  4:54  Barracks  
  46  4:55  SCV  
  46  4:57  Barracks  
  47  5:02  Starport Reactor  
  47  5:06  Siege Tank  
  51  5:07  SCV  
  51  5:11  Marine  
  51  5:12  Stimpack  
  51  5:13  SCV  
  53  5:19  SCV  
  54  5:25  SCV  
  55  5:29  Marine  
  55  5:31  SCV  
  54  5:38  SCV  
  54  5:39  Siege Tank  
  58  5:43  SCV  
  58  5:47  Starport Reactor  
  58  5:48  Marine  
  60  5:50  SCV  
  60  5:51  Marine x2  
  60  5:55  Engineering Bay  
  63  5:57  Supply Depot  
  63  5:58  SCV, Refinery  
  63  6:04  Marine x2  
  64  6:05  SCV  
  64  6:06  Marine  
  64  6:07  Supply Depot  
  68  6:13  Siege Tank  
  70  6:19  Marine x2, SCV x2  
  70  6:24  Marine x2  
  70  6:25  Marine  
  77  6:26  Supply Depot  
  77  6:27  Terran Infantry Weapons Level 1  
  77  6:31  SCV  
  78  6:34  Medivac  
  78  6:35  SCV  
  78  6:36  Medivac  
  78  6:37  Marine x2  
  78  6:38  Refinery  
  85  6:43  SCV, Supply Depot  
  86  6:47  Marine x2  
  86  6:48  SCV  
  88  6:55  Siege Tank, SCV  
  88  7:01  SCV  
  93  7:07  Marine, SCV  
  93  7:08  Marine x3  
  98  7:11  Medivac  
  98  7:13  Supply Depot  
  100  7:20  Marine  
  100  7:21  SCV  
  102  7:26  Supply Depot  
  102  7:30  SCV  
  102  7:34  Marine x4  
  106  7:38  Marine  
  106  7:40  Medivac  
  109  7:47  Medivac  
  109  7:48  Siege Tank  
  114  7:52  Marine x3  
  103  8:07  SCV  
  103  8:09  SCV  
  103  8:10  Viking  
  97  8:16  Marine x2  
  97  8:17  Viking  
  97  8:19  SCV, Barracks Tech Lab  
  88  8:21  Marine x2  
  88  8:25  Barracks  
  88  8:26  SCV, Barracks  
  90  8:29  Siege Tank  
  90  8:32  Supply Depot, Command Center  
  90  8:33  Terran Infantry Armor Level 1  
  93  8:34  Marine  
  93  8:42  Marine x3  
  93  8:44  Marine  
  93  8:45  Combat Shields  
  96  8:53  Marine  
  94  9:00  Marine x3  
  93  9:12  Marine, Medivac x2  
  93  9:13  Marine  
  98  9:18  Marine x3  
  98  9:23  Armory  
  101  9:26  Barracks Reactor x2, Engineering Bay  
  101  9:42  Marine  
  101  9:43  Marine  
  81  9:46  Siege Tank, Marine x3  
  74  10:00  Marine  
  74  10:01  Marine  
  74  10:03  Marine  
  74  10:04  Marine x2  
  74  10:06  Marine x2  
  74  10:07  Marine x2  
  73  10:10  SCV x2  
  75  10:18  Marine  
  75  10:19  Marine  
  77  10:21  Marine  
  77  10:22  Marine x2  
  77  10:24  Orbital Command  
  80  10:31  Marine  
  80  10:32  Marine  
  74  10:36  SCV, Marine x4  
  68  10:44  Marine  
  68  10:45  Marine  
  63  10:52  Marine  
  63  10:53  Marine  
  60  11:04  Marine  
  48  11:15  SCV x3  
  48  11:17  Marine x3  
  50  11:25  Marine  
  50  11:27  Marine  
  55  11:32  Siege Tank  
  55  11:35  SCV  
  55  11:37  SCV  
  55  11:39  SCV  
  58  11:44  Marine x2  
  60  11:47  Marine  
  60  11:48  SCV  
  60  11:49  SCV  
  60  11:50  Medivac  
  67  11:58  SCV  
  67  12:00  SCV  
  70  12:01  SCV  
Show
View Real Time Build Order
Export as new Build Order

iaguz Terran 

Build Orders: Cyclone Opening, Reaper Expand, MMM Bio 

Get SALT Encoding   

  12  0:01  SCV  
  13  0:13  SCV  
  14  0:18  Supply Depot  
  14  0:25  SCV  
  14  0:27  Refinery  
  15  0:39  SCV  
  16  0:44  Barracks  
  16  0:51  SCV  
  17  1:03  SCV  
  18  1:16  SCV  
  19  1:33  Orbital Command, Reaper  
  20  1:51  Command Center  
  20  1:59  Factory  
  20  2:01  SCV  
  21  2:05  Barracks Reactor  
  21  2:10  Refinery  
  21  2:13  SCV  
  22  2:20  Supply Depot  
  22  2:25  SCV  
  23  2:41  Marine  
  23  2:42  SCV, Marine  
  23  2:43  Cyclone  
  29  2:54  SCV  
  30  2:59  Marine  
  30  3:01  Starport  
  30  3:03  Marine  
  31  3:17  Cyclone  
  33  3:20  Orbital Command  
  33  3:21  Marine  
  33  3:26  SCV  
  32  3:35  Marine  
  32  3:38  Viking  
  32  3:41  Marine  
  36  3:44  SCV  
  36  3:46  SCV  
  38  3:53  Cyclone  
  41  3:56  SCV  
  41  3:58  SCV  
  41  4:00  Marine  
  44  4:05  Supply Depot  
  44  4:16  SCV x2  
  46  4:18  Engineering Bay  
  46  4:21  Starport Tech Lab  
  46  4:26  Marine x2  
  46  4:30  SCV x2  
  50  4:32  Factory Tech Lab  
  50  4:42  SCV x2, Raven  
  54  4:46  Missile Turret  
  54  4:47  Missile Turret  
  54  4:49  Supply Depot  
  54  4:51  Supply Depot  
  54  5:10  Siege Tank, SCV x2  
  54  5:12  Refinery  
  59  5:19  Supply Depot  
  56  5:30  SCV x2  
  58  5:41  Marine  
  58  5:42  Stimpack  
  59  5:44  SCV x2, Barracks  
  59  5:46  Barracks, Viking  
  59  5:47  Refinery  
  59  5:48  Viking  
  65  5:54  Supply Depot  
  65  5:56  SCV x2  
  67  6:02  Supply Depot  
  67  6:10  SCV x2  
  69  6:15  Marine  
  69  6:16  Siege Tank  
  73  6:19  Viking  
  73  6:22  SCV x2  
  77  6:25  Viking  
  79  6:34  Barracks Reactor x2  
  79  6:35  Barracks  
  79  6:37  Barracks, Terran Infantry Weapons Level 1  
  79  6:40  Supply Depot  
  79  6:44  SCV x2, Supply Depot  
  81  6:51  Liberator, Marine  
  81  6:52  Siege Tank  
  85  7:07  Liberator  
  82  7:09  Marine  
  82  7:11  Marine x4  
  90  7:22  Barracks Reactor  
  90  7:27  Command Center, Supply Depot  
  93  7:32  Marine x4  
  93  7:33  Marine x2  
  99  7:37  SCV  
  99  7:38  SCV  
  101  7:49  Marine x2  
  101  7:50  Marine x4  
  80  7:59  SCV x2  
  80  8:00  Marine  
  76  8:07  Marine  
  76  8:10  Marine  
  76  8:11  Marine  
  69  8:13  Liberator  
  65  8:26  Siege Tank  
  69  8:35  Marine x4  
  69  8:36  Marine x3  
  76  8:53  Marine x4  
  76  8:57  Marine x3  
  74  9:10  Marine x2  
  74  9:11  Marine x2  
  74  9:14  Siege Tank  
  74  9:15  Marine  
  75  9:17  Marine x2  
  77  9:25  Medivac x2  
  77  9:28  Marine x2  
  83  9:31  Marine x2  
  83  9:35  Marine x2  
  84  9:43  Marine  
  67  9:46  Marine  
  67  9:47  Marine  
  67  9:49  Marine x2  
  63  9:53  Marine x2  
  63  9:56  SCV x2  
  60  10:08  SCV  
  53  10:20  Siege Tank, Medivac  
  54  10:34  Marine x2  
  53  10:44  Medivac  
  53  10:47  Combat Shields  
  54  10:52  Siege Tank  
  49  10:58  Marine x3  
  29  11:44  Siege Tank, Marine x2  
  34  11:49  Marine x2  
  34  11:50  Marine  
  34  11:52  Marine  
Tags
 
Add a new tag
Caveats
  • Supply blocks, unpowered buildings, or Contaminate may cause inaccurate times.
  • Supply counts are checked every 10 seconds.